 Dungeon Crawl Stone Soup version 0.19.1-1-g22dce08 (webtiles) character file.

7082 kengeki the Jinx (level 10, 0/40 HPs)
             Began as a Deep Elf Fire Elementalist on Dec 30, 2016.
             Was a Priest of Vehumet.
             Slain by a hornet (13 damage)
             ... on level 10 of the Dungeon on Dec 31, 2016.
             The game lasted 01:37:56 (12706 turns).

kengeki the Jinx (Deep Elf Fire Elementalist)      Turns: 12706, Time: 01:37:57

Health: 0/40       AC:  6    Str:  5    XL:     10   Next: 84%
Magic:  13/23      EV: 16    Int: 24    God:    Vehumet [***...]
Gold:   668        SH:  0    Dex: 15    Spells: 5 memorised, 5 levels left

rFire  . . .     SeeInvis .     a - +4 falchion of Wrath {drain, rPois Stlth+}
rCold  . . .     Gourm    .     F - +0 robe
rNeg   . . .     Faith    +     (no shield)
rPois  +         Spirit   .     D - +0 hat
rElec  .         Reflect  .     t - +0 cloak
rCorr  .         Harm     .     r - +0 pair of gloves
MR     +....                    f - +1 pair of boots
Stlth  +++++.....               y - amulet of faith
                                (no ring)
                                (no ring)

@: slowed, very slow
A: antennae 2, claws 1, frail 2, sense surroundings 1
a: Renounce Religion


You were on level 10 of the Dungeon.
You worshipped Vehumet.
Vehumet was most pleased with you.
You were not hungry.

You visited 2 branches of the dungeon, and saw 11 of its levels.

You collected 668 gold pieces.

Inventory:

Hand Weapons
 a - the +4 falchion of Wrath (weapon) {drain, rPois Stlth+}
   (You found it on level 7 of the Dungeon)

   A truly terrible weapon, it drains the life of those it strikes.
   It protects you from poison.
   It makes you more stealthy.
 c - a +2 quarterstaff of chaos
 d - a +0 blowgun
 e - a +5 dagger of freezing
Missiles
 i - 52 arrows
 o - 29 poisoned needles (quivered)
Armour
 f - a +1 pair of boots (worn)
 r - a +0 pair of gloves (worn)
 t - a +0 cloak (worn)
 D - a +0 hat (worn)
 F - a +0 robe (worn)
 H - a +0 buckler
Rods
 b - a +0 rod of clouds (14/14)
   (You found it on level 8 of the Dungeon)
Jewellery
 h - an uncursed ring of ice
 y - an amulet of faith (around neck)
 L - a cursed amulet of inaccuracy {unknown}
Wands
 k - a wand of confusion (17/48)
 m - a wand of slowing (28/48)
 v - a wand of flame (37/48)
 E - a wand of iceblast (4/15)
 G - a wand of heal wounds (2/9)
 N - a wand of paralysis (5/24)
Scrolls
 g - 4 scrolls of amnesia
 p - a scroll of fog
 q - 3 scrolls of magic mapping
 x - a scroll of teleportation
 C - 13 scrolls of remove curse
 I - a scroll of blinking
 K - a scroll of immolation
Potions
 w - a potion of haste
 z - a potion of curing
 A - 2 potions of might
Books
 n - a book of Flames

   Spells                             Type                      Level
   a - Flame Tongue                   Conjuration/Fire             1
   b - Throw Flame                    Conjuration/Fire             2
   c - Conjure Flame                  Conjuration/Fire             3
   d - Inner Flame                    Hexes/Fire                   3
   e - Sticky Flame                   Conjuration/Fire             4
   f - Fireball                       Conjuration/Fire             5
 B - the Collected Works on Execration and Displacement
   (You found it on level 7 of the Dungeon)

   Spells                             Type                      Level
   a - Teleport Other                 Translocation                3
   b - Summon Mana Viper              Hexes/Summoning              5
   c - Invisibility                   Hexes                        6
Comestibles
 j - a royal jelly
 l - a meat ration
 s - 10 bread rations
 u - 3 beef jerkies
 J - a chunk of flesh
 M - 2 fruits


   Skills:
 + Level 6.8 Dodging
 + Level 7.3 Stealth
 + Level 7.8 Spellcasting
 + Level 8.0 Conjurations
 + Level 10.8 Hexes
 + Level 7.9 Fire Magic
 * Level 1.4 Earth Magic
 - Level 5.1 Evocations


You had 5 spell levels left.
You knew the following spells:

 Your Spells              Type           Power        Failure   Level  Hunger
f - Fireball              Conj/Fire      #####.....   2%          5    #####..
i - Invisibility          Hex            ######..     14%         6    ######.
o - Stone Arrow           Conj/Erth      ####..       1%          3    None
s - Sticky Flame          Conj/Fire      #####...     1%          4    ###....
t - Flame Tongue          Conj/Fire      #####        1%          1    None


Dungeon Overview and Level Annotations

Branches:
Dungeon (10/15)            Temple (1/1) D:4            Lair (0/6) D:10
    Orc: D:9-12

Altars:
Ashenzari
Dithmenos
Elyvilon
Fedhas
Gozag
Hepliaklqana
Kikubaaqudgha
Makhleb
Nemelex Xobeh
Okawaru
Qazlal
Ru
Sif Muna
Trog
Uskayaw
Vehumet
Xom
Yredelemnul
Zin
The Shining One

Shops:
D:8 *


Innate Abilities, Weirdness & Mutations

You have a pair of antennae on your head.
You have sharp fingernails.
You are very frail. (-20% HP)
You passively map a small area around you.


Message History

Aim: a hornet (lightly wounded)
The sticky flame hits the hornet.
The hornet appears unharmed.
The hornet is lightly wounded.
The hornet is covered in liquid flames!
The hornet burns!
The hornet stings you.
You feel yourself slow down. The hornet closely misses you.
The hornet burns! x2; The hornet stops burning.
The hornet barely misses you.
Casting: Sticky Flame
Confirm with . or Enter, or press ? or * to list all spells.
Aiming: Sticky Flame
Press: ? - help, Shift-Dir - straight line, f/p - hornet
Aim: a hornet (heavily wounded)
The sticky flame hits the hornet.
The hornet appears unharmed.
The hornet is heavily wounded.
The hornet is covered in liquid flames!
You feel yourself speed up.
The hornet burns!
The hornet stings you!
You feel yourself slow down. The hornet stings you!
The hornet burns! x2; The hornet stings you!
You die...

, **
#############
,
........y@..##
###########..#
* * ##.# , , ,
#.# , ,* #.#
,,.,* #.#
..######'## *
*,..........#
..........#


You could see a hornet (burning).

Vanquished Creatures
  A yaktaur captain (D:8)
  A skeletal warrior (D:8)
  A troll (D:8)
  Prince Ribbit (D:6)
  A hippogriff (D:9)
  The ghost of Brusher the Sneak, an amateur OpAr (D:4)
  2 wyverns (D:8)
  A spriggan (D:7)
  A yak (D:8)
  A hungry ghost (D:7)
  Menkaure (D:5)
  4 orc warriors
  2 sky beasts
  2 necrophages (D:7)
  12 ogres
  2 centaurs
  2 big kobolds
  6 bullfrogs
  2 scorpions
  5 wights (D:7)
  5 howler monkeys
  3 bullfrog zombies
  5 orc priests
  5 hounds
  A jelly (D:8)
  9 orc wizards
  Crazy Yiuf (D:5)
  An iguana (D:6)
  7 worker ants
  2 hound zombies (D:8)
  2 hound skeletons
  A worker ant zombie (D:9)
  A gnoll (D:4)
  15 adders
  2 shadow imps
  5 oozes
  An adder zombie (D:7)
  An adder skeleton (D:5)
  3 worms
  A dart slug (D:1)
  A leopard gecko (D:9)
  22 orcs
  3 ball pythons
  4 giant cockroaches
  4 hobgoblins
  5 jackals
  3 quokkas
  10 bats
  4 frilled lizards
  5 goblins
  A jackal skeleton (D:5)
  16 kobolds
  A quokka skeleton (D:6)
  A quokka zombie (D:3)
  3 rats
203 creatures vanquished.

Vanquished Creatures (others)
  An orc (D:8)
1 creature vanquished.

Grand Total: 204 creatures vanquished

Notes
Turn   | Place    | Note
-------+----------+-------------------------------------------
     0 | D:1      | kengeki the Deep Elf Fire Elementalist began the quest for the Orb.
     0 | D:1      | Reached XP level 1. HP: 10/10 MP: 6/6
   162 | D:1      | Reached XP level 2. HP: 15/15 MP: 6/8
   365 | D:1      | Gained mutation: Your flesh is cold resistant. (rC+) [potion of mutation]
   365 | D:1      | Gained mutation: You are frail. (-10% HP) [potion of mutation]
   365 | D:1      | Gained mutation: Your body sometimes deteriorates upon taking damage. [potion of mutation]
   808 | D:2      | Reached XP level 3. HP: 17/17 MP: 6/9
  1232 | D:2      | Found an ancient bone altar of Kikubaaqudgha.
  1233 | D:2      | Found a blossoming altar of Fedhas.
  1536 | D:2      | Reached XP level 4. HP: 18/21 MP: 6/10
  1546 | D:2      | Learned a level 4 spell: Sticky Flame
  3329 | D:3      | Reached XP level 5. HP: 25/25 MP: 7/11
  3339 | D:3      | Learned a level 5 spell: Fireball
  3469 | D:4      | Noticed Brusher's ghost (amateur OpAr)
  3529 | D:4      | Reached skill level 5 in Fire Magic
  3778 | D:4      | Reached skill level 5 in Conjurations
  3815 | D:4      | Noticed an ogre
  3829 | D:4      | Reached XP level 6. HP: 20/28 MP: 5/13
  4148 | D:4      | Killed Brusher's ghost
  4148 | D:4      | Reached XP level 7. HP: 32/32 MP: 9/15
  4322 | D:4      | Found a sacrificial altar of Ru.
  4490 | D:4      | Found a staircase to the Ecumenical Temple.
  4506 | Temple   | Entered the Ecumenical Temple
  4511 | Temple   | Became a worshipper of Vehumet
  4627 | D:5      | Entered Level 5 of the Dungeon
  4628 | D:5      | Found an iron altar of Okawaru.
  4801 | D:5      | Lost mutation: Your body sometimes deteriorates upon taking damage. [mutagenic meat]
  4802 | D:5      | Gained mutation: Scrolls take you a little longer to read. [mutagenic meat]
  4803 | D:5      | Gained mutation: You have a pair of small antennae on your head. [mutagenic meat]
  4804 | D:5      | Gained mutation: You have sharp fingernails. [mutagenic meat]
  4813 | D:5      | Noticed Menkaure
  4816 | D:5      | Killed Menkaure
  4816 | D:5      | Reached skill level 5 in Spellcasting
  4861 | D:5      | Reached XP level 8. HP: 20/36 MP: 2/18
  5242 | D:5      | Found a runed door.
  5246 | D:5      | Noticed Crazy Yiuf
  5249 | D:5      | Killed Crazy Yiuf
  5249 | D:5      | Reached skill level 1 in Evocations
  5322 | D:5      | Found an opulent altar of Gozag.
  5341 | D:5      | Gained mutation: You can translocate small distances at will. [potion of mutation]
  5341 | D:5      | Lost mutation: Scrolls take you a little longer to read. [potion of mutation]
  5394 | D:5      | Found a stormy altar of Qazlal.
  6050 | D:6      | Reached skill level 5 in Stealth
  6098 | D:6      | Found an ancient bone altar of Kikubaaqudgha.
  6144 | D:6      | Noticed Prince Ribbit
  6154 | D:6      | Killed Prince Ribbit
  6843 | D:6      | Reached skill level 5 in Dodging
  7085 | D:7      | Found a burning altar of Makhleb.
  7441 | D:7      | Reached XP level 9. HP: 36/40 MP: 3/20
  7651 | D:7      | Reached * piety under Vehumet
  7651 | D:7      | Offered knowledge of Sting by Vehumet.
  8576 | D:7      | Got a smoking falchion
  8594 | D:7      | Identified the +4 falchion of Wrath {drain, rPois Stlth+} (You found it on level 7 of the Dungeon)
  8665 | D:7      | Offered knowledge of Freeze by Vehumet.
  8933 | D:7      | Identified the Collected Works on Execration and Displacement
  8942 | D:7      | Learned a level 6 spell: Invisibility
  8961 | D:7      | Reached ** piety under Vehumet
  8961 | D:7      | Reached skill level 1 in Hexes
  8961 | D:7      | Reached skill level 5 in Evocations
  9094 | D:7      | Reached skill level 2 in Hexes
  9177 | D:8      | Reached skill level 4 in Hexes
  9270 | D:8      | Identified a +0 rod of clouds (14/14) (You found it on level 8 of the Dungeon)
  9301 | D:8      | Found Noqa's Needful Niceties.
  9560 | D:8      | Found a glowing silver altar of Zin.
  9560 | D:8      | Found a hide-covered altar of Uskayaw.
  9560 | D:8      | Noticed a troll
  9567 | D:8      | Killed a troll
  9567 | D:8      | Reached skill level 5 in Hexes
  9572 | D:8      | Reached skill level 6 in Hexes
  9627 | D:8      | Lost mutation: Your flesh is cold resistant. (rC+) [mutagenic meat]
  9628 | D:8      | Gained mutation: You are very frail. (-20% HP) [mutagenic meat]
  9629 | D:8      | Gained mutation: You have a pair of antennae on your head. [mutagenic meat]
  9630 | D:8      | Gained mutation: You passively map a small area around you. [mutagenic meat]
  9631 | D:8      | Lost mutation: You can translocate small distances at will. [mutagenic meat]
  9757 | D:8      | Noticed a yaktaur captain
  9761 | D:8      | Noticed a skeletal warrior
  9835 | D:8      | Reached XP level 10. HP: 40/40 MP: 11/22
  9869 | D:8      | Killed a skeletal warrior
  9869 | D:8      | Reached skill level 8 in Hexes
 10409 | D:8      | Killed a yaktaur captain
 10409 | D:8      | Reached skill level 10 in Hexes
 11053 | D:9      | Offered knowledge of Stone Arrow by Vehumet.
 11459 | D:9      | Found a sparkling altar of Nemelex Xobeh.
 11576 | D:9      | Reached *** piety under Vehumet
 11784 | D:9      | Found a white marble altar of Elyvilon.
 11886 | D:9      | Found a hazy altar of Hepliaklqana.
 12170 | D:9      | Learned a level 3 spell: Stone Arrow
 12171 | D:10     | Entered Level 10 of the Dungeon
 12171 | D:10     | Found a staircase to the Lair.
 12367 | D:10     | Reached skill level 1 in Earth Magic
 12396 | D:10     | Offered knowledge of Dazzling Spray by Vehumet.
 12706 | D:10     | Slain by a hornet

Skill      XL: |  1  2  3  4  5  6  7  8  9 10 |
---------------+-------------------------------+-----
Conjurations   | 2 3 4 5 6 7 8 |  8.0
Fire Magic     | 4 5 6 7 |  7.9
Spellcasting   | 4 5 6 7 |  7.8
Dodging        | 3 4 5 6 |  6.8
Stealth        | 3 4 5 6 7 |  7.3
Evocations     | 3 5 |  5.1
Hexes          | 6 10 | 10.8
Earth Magic    | 1 |  1.4

Action                   |  1- 3 |  4- 6 |  7- 9 | 10-12 || total
-------------------------+-------+-------+-------+-------++-------
Melee: Short sword       |     4 |       |       |       ||     4
       Unarmed           |     1 |       |       |       ||     1
       Dagger            |       |     1 |       |       ||     1
       Quarterstaff      |       |       |     7 |       ||     7
 Fire: Blowgun           |       |     5 |       |       ||     5
 Cast: Flame Tongue      |    42 |   116 |   209 |   124 ||   491
       Sticky Flame      |       |       |    23 |    27 ||    50
       Fireball          |       |       |     6 |     5 ||    11
       Invisibility      |       |       |       |     1 ||     1
  Use: Scroll            |     6 |     2 |     6 |     3 ||    17
       Potion            |     5 |     4 |     4 |     1 ||    14
 Stab: Sleeping          |     2 |       |       |       ||     2
       Distracted        |       |       |     1 |       ||     1
       Invisible         |       |       |       |     1 ||     1
  Eat: Chunk             |     1 |     7 |    33 |    13 ||    54
       Beef jerky        |       |     1 |       |       ||     1
       Fruit             |       |       |     2 |       ||     2
Armor: Robe              |       |    10 |    14 |     8 ||    32
Dodge: Dodged            |     7 |    21 |    74 |    43 ||   145
       Rpst.: Falchion   |       |       |       |    18 ||    18
